TOP OF THE 1ST |
Chattanooga Lookouts batting - Pitching for New Hampshire Fisher Cats : LHP Eddie Muniz
|
Pitching: LHP Eddie Muniz
|
|
Batting: RHB Miguel Gonzalez
|
0-0: Ball 1-0: Called Strike 1-1: Ground out 3-1 (Groundball, 34, EV 104.4 MPH)
|
Batting: LHB Chris Munguia
|
0-0: Called Strike 0-1: TRIPLE (Flyball, 9LD, EV 103.1 MPH)
|
Batting: RHB Matt Dunn
|
0-0: Ball 1-0: Ball 2-0: 2-RUN HOME RUN (Flyball, 89XD, EV 115.0 MPH), Distance : 437 ft
|
Batting: SHB Ian Thompson
|
0-0: Called Strike 0-1: Foul Ball, location: 2F 0-2: Ball 1-2: DOUBLE (Line Drive, 7LS, EV 95.0 MPH)
|
Batting: RHB Michael McDonald
|
0-0: Called Strike 0-1: Ball 1-1: Foul Ball, location: 2F 1-2: Strikes out swinging
|
Batting: RHB Steve Raine
|
0-0: Ball 1-0: Foul Ball, location: 2F 1-1: Foul Ball, location: 2F 1-2: Ball 2-2: Strikes out swinging
|
Top of the 1st over - 2 runs, 3 hits, 0 errors, 1 left on base; Chattanooga 2 - New Hampshire 0 |
BOTTOM OF THE 1ST |
New Hampshire Fisher Cats batting - Pitching for Chattanooga Lookouts : RHP Bill Rondeau
|
Pitching: RHP Bill Rondeau
|
|
Batting: RHB Frank Caulfield
|
0-0: Ball 1-0: Foul Ball, location: 2F 1-1: Ball 2-1: Ground out 5-3 (Groundball, 56, EV 96.2 MPH)
|
Batting: RHB Bill Murray
|
0-0: Called Strike 0-1: Called Strike 0-2: Ball 1-2: Foul Ball, location: 2F 1-2: Ball 2-2: Ball 3-2: Foul Ball, location: 2F 3-2: Foul Ball, location: 2F 3-2: Foul Ball, location: 2F 3-2: Strikes out swinging
|
Batting: LHB Rodrigo Briceno
|
0-0: Ball 1-0: Ball 2-0: Called Strike 2-1: Ball 3-1: Base on Balls
|
Batting: RHB Jorge Baret
|
0-0: Ball 1-0: Fly out, F2 (Popup, 15S, EV 95.0 MPH)
|
Bottom of the 1st over - 0 runs, 0 hits, 0 errors, 1 left on base; Chattanooga 2 - New Hampshire 0 |
TOP OF THE 2ND |
Chattanooga Lookouts batting - Pitching for New Hampshire Fisher Cats : LHP Eddie Muniz
|
Batting: RHB David Nardone
|
0-0: Ball 1-0: Ball 2-0: Called Strike 2-1: Foul Ball, location: 2F 2-2: SOLO HOME RUN (Flyball, 7D, EV 96.2 MPH), Distance : 374 ft
|
Batting: RHB Jose Gracia
|
0-0: SINGLE (Groundball, 56D, EV 94.4 MPH)
|
Batting: RHB Dave Berry
|
0-0: Foul Ball, location: 2F 0-1: SINGLE (Groundball, 6D, EV 94.4 MPH) Jose Gracia to second
|
Batting: RHB Miguel Gonzalez
|
0-0: Foul Ball, location: 2F 0-1: Ball 1-1: Called Strike 1-2: Foul Ball, location: 2F 1-2: Ball 2-2: SINGLE (Line Drive, 4D, EV 96.9 MPH) Jose Gracia to third Dave Berry to second
|
Batting: LHB Chris Munguia
|
0-0: Swinging Strike 0-1: Foul Ball, location: 2F 0-2: Strikes out swinging
|
Batting: RHB Matt Dunn
|
0-0: Grounds into fielders choice 1-2 (Groundball, 25, EV 68.1 MPH) Dave Berry to third Miguel Gonzalez to second
|
Batting: SHB Ian Thompson
|
0-0: Called Strike 0-1: Ball 1-1: Swinging Strike 1-2: Strikes out looking
|
Top of the 2nd over - 1 run, 4 hits, 0 errors, 3 left on base; Chattanooga 3 - New Hampshire 0 |
BOTTOM OF THE 2ND |
New Hampshire Fisher Cats batting - Pitching for Chattanooga Lookouts : RHP Bill Rondeau
|
Batting: RHB Kirk Seiffert
|
0-0: SINGLE (Groundball, 34D, EV 103.1 MPH)
|
Batting: RHB Bryan Peterson
|
0-0: Called Strike 0-1: Foul Ball, location: 2F 0-2: Strikes out swinging
|
Batting: SHB Tristan Dearing
|
0-0: Called Strike 0-1: Ball 1-1: Called Strike Kirk Seiffert steals 2nd base 1-2: Ground out 4-3 (Groundball, 4, EV 85.6 MPH) Kirk Seiffert to third
|
Batting: LHB Eddie Muniz
|
0-0: Foul Ball, location: 2F 0-1: Ball 1-1: Ground out 4-3 (Groundball, 4, EV 85.0 MPH)
|
Bottom of the 2nd over - 0 runs, 1 hit, 0 errors, 1 left on base; Chattanooga 3 - New Hampshire 0 |
TOP OF THE 3RD |
Chattanooga Lookouts batting - Pitching for New Hampshire Fisher Cats : LHP Eddie Muniz
|
Batting: RHB Michael McDonald
|
0-0: Ball 1-0: Swinging Strike 1-1: Foul Ball, location: 2F 1-2: Strikes out swinging
|
Batting: RHB Steve Raine
|
0-0: Called Strike 0-1: Swinging Strike 0-2: Ball 1-2: Strikes out swinging
|
Batting: RHB David Nardone
|
0-0: Called Strike 0-1: Called Strike 0-2: Strikes out swinging
|
Top of the 3rd over - 0 runs, 0 hits, 0 errors, 0 left on base; Chattanooga 3 - New Hampshire 0 |
BOTTOM OF THE 3RD |
New Hampshire Fisher Cats batting - Pitching for Chattanooga Lookouts : RHP Bill Rondeau
|
Batting: RHB Bryan Mattis
|
0-0: Ball 1-0: Ball 2-0: Ground out 4-3 (Groundball, 4, EV 80.0 MPH)
|
Batting: RHB Frank Caulfield
|
0-0: SINGLE (Groundball, 6M, EV 111.2 MPH) (infield hit)
|
Batting: RHB Bill Murray
|
0-0: Called Strike Frank Caulfield is caught stealing 2nd base 2-4 0-1: Foul Ball, location: 2F 0-2: Strikes out swinging
|
Bottom of the 3rd over - 0 runs, 1 hit, 0 errors, 0 left on base; Chattanooga 3 - New Hampshire 0 |
TOP OF THE 4TH |
Chattanooga Lookouts batting - Pitching for New Hampshire Fisher Cats : LHP Eddie Muniz
|
Batting: RHB Jose Gracia
|
0-0: Called Strike 0-1: Ball 1-1: Swinging Strike 1-2: Ground out 5-3 (Groundball, 56, EV 76.2 MPH)
|
Batting: RHB Dave Berry
|
0-0: Foul Ball, location: 2F 0-1: Ball 1-1: Hit by Pitch
|
Batting: RHB Miguel Gonzalez
|
0-0: Ball 1-0: SINGLE (Flyball, 4MD, EV 89.4 MPH) Dave Berry to second
|
Batting: LHB Chris Munguia
|
0-0: Called Strike 0-1: Called Strike 0-2: Fielders Choice at 2nd, 4-6 (Groundball, 4, EV 84.4 MPH) Dave Berry to third
|
Batting: RHB Matt Dunn
|
0-0: Swinging Strike 0-1: Foul Ball, location: 2F 0-2: Ball 1-2: Ball 2-2: Ball 3-2: Base on Balls Chris Munguia to second
|
Batting: SHB Ian Thompson
|
0-0: Called Strike 0-1: Called Strike 0-2: Ball 1-2: Ball 2-2: Ball 3-2: Strikes out swinging
|
Top of the 4th over - 0 runs, 1 hit, 0 errors, 3 left on base; Chattanooga 3 - New Hampshire 0 |
BOTTOM OF THE 4TH |
New Hampshire Fisher Cats batting - Pitching for Chattanooga Lookouts : RHP Bill Rondeau
|
Batting: LHB Rodrigo Briceno
|
0-0: Called Strike 0-1: Ball 1-1: Foul Ball, location: 2F 1-2: Fly out, F7 (Flyball, 7S, EV 86.2 MPH)
|
Batting: RHB Jorge Baret
|
0-0: Ball 1-0: Ground out 4-3 (Groundball, 4S, EV 63.1 MPH)
|
Batting: RHB Kirk Seiffert
|
0-0: Called Strike 0-1: Foul Ball, location: 2F 0-2: SINGLE (Groundball, 25, EV 75.0 MPH) (infield hit)
|
Batting: RHB Bryan Peterson
|
0-0: Called Strike Kirk Seiffert is caught stealing 2nd base 2-4
|
Bottom of the 4th over - 0 runs, 1 hit, 0 errors, 0 left on base; Chattanooga 3 - New Hampshire 0 |
TOP OF THE 5TH |
Chattanooga Lookouts batting - Pitching for New Hampshire Fisher Cats : LHP Eddie Muniz
|
Batting: RHB Michael McDonald
|
0-0: Ball 1-0: Swinging Strike 1-1: Ball 2-1: Ball 3-1: Base on Balls
|
Batting: RHB Steve Raine
|
0-0: Called Strike 0-1: Foul Ball, location: 2F 0-2: Ball 1-2: Fielders Choice at 2nd, 1-6 (Groundball, 13S, EV 76.2 MPH)
|
Batting: RHB David Nardone
|
0-0: Called Strike 0-1: Called Strike 0-2: Ball 1-2: Strikes out swinging
|
Batting: RHB Jose Gracia
|
0-0: Called Strike Steve Raine is caught stealing 2nd base 2-4
|
Top of the 5th over - 0 runs, 0 hits, 0 errors, 0 left on base; Chattanooga 3 - New Hampshire 0 |
BOTTOM OF THE 5TH |
New Hampshire Fisher Cats batting - Pitching for Chattanooga Lookouts : RHP Bill Rondeau
|
Batting: RHB Bryan Peterson
|
0-0: Ball 1-0: Fly out, F3 (Popup, 34S, EV 68.8 MPH)
|
Batting: SHB Tristan Dearing
|
0-0: Ball 1-0: Foul Ball, location: 2F 1-1: Foul Ball, location: 2F 1-2: Foul Ball, location: 2F 1-2: Ground out 4-3 (Groundball, 34D, EV 106.9 MPH)
|
Batting: LHB Eddie Muniz
|
0-0: SINGLE (Line Drive, 56, EV 98.8 MPH)
|
Batting: RHB Bryan Mattis
|
0-0: Ball 1-0: Ball 2-0: Swinging Strike 2-1: Swinging Strike 2-2: Strikes out swinging
|
Bottom of the 5th over - 0 runs, 1 hit, 0 errors, 1 left on base; Chattanooga 3 - New Hampshire 0 |
TOP OF THE 6TH |
Chattanooga Lookouts batting - Pitching for New Hampshire Fisher Cats : LHP Eddie Muniz
|
Batting: RHB Jose Gracia
|
0-0: Ball 1-0: Swinging Strike 1-1: Fly out, F9 (Flyball, 9LMF, EV 95.0 MPH)
|
Batting: RHB Dave Berry
|
0-0: Ball 1-0: Ground out 6-3 (Groundball, 6, EV 89.4 MPH)
|
Batting: RHB Miguel Gonzalez
|
0-0: Called Strike 0-1: Called Strike 0-2: Ball 1-2: Strikes out swinging, 2-3 out at first.
|
Top of the 6th over - 0 runs, 0 hits, 0 errors, 0 left on base; Chattanooga 3 - New Hampshire 0 |
BOTTOM OF THE 6TH |
New Hampshire Fisher Cats batting - Pitching for Chattanooga Lookouts : RHP Bill Rondeau
|
Batting: RHB Frank Caulfield
|
0-0: Ball 1-0: Ground out 6-3 (Groundball, 6, EV 100.6 MPH)
|
Batting: RHB Bill Murray
|
0-0: DOUBLE (Groundball, 3L, EV 103.1 MPH)
|
Batting: LHB Rodrigo Briceno
|
0-0: Ball Bill Murray steals 3rd, throwing error, E2 Bill Murray scores 1-0: Ball 2-0: SINGLE (Groundball, 4MD, EV 105.0 MPH)
|
Batting: RHB Jorge Baret
|
0-0: Grounds into double play, 6-4-3 (Groundball, 6S, EV 86.2 MPH)
|
Bottom of the 6th over - 1 run, 2 hits, 1 error, 0 left on base; Chattanooga 3 - New Hampshire 1 |
TOP OF THE 7TH |
Chattanooga Lookouts batting - Pitching for New Hampshire Fisher Cats : LHP Eddie Muniz
|
Pitching: RHP Joe Spencer
|
|
Batting: LHB Chris Munguia
|
0-0: Ball 1-0: Foul Ball, location: 2F 1-1: Foul Ball, location: 2F 1-2: Strikes out swinging
|
Batting: RHB Matt Dunn
|
0-0: Called Strike 0-1: Ball 1-1: Foul Ball, location: 2F 1-2: Ball 2-2: Strikes out swinging
|
Batting: SHB Ian Thompson
|
0-0: Ball 1-0: SOLO HOME RUN (Flyball, 89XD, EV 116.9 MPH), Distance : 453 ft
|
Batting: RHB Michael McDonald
|
0-0: Foul Ball, location: 2F 0-1: Swinging Strike 0-2: Foul Ball, location: 2F 0-2: Ball 1-2: Strikes out swinging
|
Top of the 7th over - 1 run, 1 hit, 0 errors, 0 left on base; Chattanooga 4 - New Hampshire 1 |
BOTTOM OF THE 7TH |
New Hampshire Fisher Cats batting - Pitching for Chattanooga Lookouts : RHP Bill Rondeau
|
Batting: RHB Kirk Seiffert
|
0-0: Ball 1-0: SINGLE (Groundball, 4MD, EV 97.5 MPH)
|
Batting: RHB Bryan Peterson
|
0-0: Ball 1-0: Called Strike 1-1: Swinging Strike 1-2: Strikes out looking
|
Batting: SHB Tristan Dearing
|
0-0: Ball 1-0: Ball Kirk Seiffert steals 2nd base 2-0: Swinging Strike 2-1: Ground out 6-3 (Groundball, 6MS, EV 88.1 MPH) Kirk Seiffert to third
|
Batting: LHB Eddie Muniz
|
0-0: Swinging Strike 0-1: Foul Ball, location: 2F 0-2: Ball 1-2: Strikes out looking
|
Bottom of the 7th over - 0 runs, 1 hit, 0 errors, 1 left on base; Chattanooga 4 - New Hampshire 1 |
TOP OF THE 8TH |
Chattanooga Lookouts batting - Pitching for New Hampshire Fisher Cats : RHP Joe Spencer
|
Pitching: LHP Bruce Knight
|
|
Batting: RHB Steve Raine
|
0-0: Called Strike 0-1: Called Strike 0-2: Strikes out swinging
|
Batting: RHB David Nardone
|
0-0: Ball 1-0: Foul Ball, location: 2F 1-1: Ground out 6-3 (Groundball, 56, EV 100.6 MPH)
|
Batting: RHB Jose Gracia
|
0-0: Ball 1-0: Ball 2-0: Called Strike 2-1: Ball 3-1: Foul Ball, location: 2F 3-2: Foul Ball, location: 2F 3-2: Foul Ball, location: 2F 3-2: Ground out 5-3 (Groundball, 5S, EV 87.5 MPH)
|
Top of the 8th over - 0 runs, 0 hits, 0 errors, 0 left on base; Chattanooga 4 - New Hampshire 1 |
BOTTOM OF THE 8TH |
New Hampshire Fisher Cats batting - Pitching for Chattanooga Lookouts : RHP Bill Rondeau
|
Batting: RHB Bryan Mattis
|
0-0: Ball 1-0: Swinging Strike 1-1: Swinging Strike 1-2: Ball 2-2: Fly out, F8 (Flyball, 8RD, EV 86.9 MPH)
|
Batting: RHB Frank Caulfield
|
0-0: SINGLE (Line Drive, 56D, EV 98.1 MPH)
|
Batting: RHB Bill Murray
|
0-0: Foul Ball, location: 2F 0-1: Called Strike 0-2: Ball 1-2: Foul Ball, location: 2F 1-2: Ball 2-2: Ball 3-2: TRIPLE (Flyball, 9LD, EV 105.6 MPH) Frank Caulfield scores
|
Pitching: LHP Adam Wood
|
|
Pinch Hitting: RHB Butch Koglin
|
0-0: Ball 1-0: Foul Ball, location: 2F 1-1: Ball 2-1: SINGLE (Line Drive, 7LS, EV 97.5 MPH) Bill Murray scores
|
Batting: RHB Jorge Baret
|
0-0: Ball 1-0: Ball 2-0: Foul Ball, location: 2F 2-1: Called Strike 2-2: Strikes out looking
|
Batting: RHB Kirk Seiffert
|
0-0: Ball 1-0: Ball 2-0: Called Strike 2-1: Called Strike 2-2: Ball 3-2: Fly out, F8 (Flyball, 8RM, EV 90.6 MPH)
|
Bottom of the 8th over - 2 runs, 3 hits, 0 errors, 1 left on base; Chattanooga 4 - New Hampshire 3 |
TOP OF THE 9TH |
Chattanooga Lookouts batting - Pitching for New Hampshire Fisher Cats : LHP Bruce Knight
|
Pitching: LHP Mitchel Larson
|
|
Now at 1B: Butch Koglin
|
|
Batting: RHB Dave Berry
|
0-0: Called Strike 0-1: Ball 1-1: Ball 2-1: Foul Ball, location: 2F 2-2: Ball 3-2: Foul Ball, location: 2F 3-2: Foul Ball, location: 2F 3-2: Strikes out swinging
|
Batting: RHB Miguel Gonzalez
|
0-0: Called Strike 0-1: Swinging Strike 0-2: Ball 1-2: Ball 2-2: Ball 3-2: SINGLE (Line Drive, 4D, EV 103.8 MPH)
|
Batting: LHB Chris Munguia
|
0-0: Ball Miguel Gonzalez steals 2nd base (no throw) 1-0: Ball 2-0: Ball 3-0: Called Strike 3-1: Called Strike 3-2: Foul Ball, location: 2F 3-2: SINGLE (Line Drive, 34D, EV 107.5 MPH) Miguel Gonzalez to third
|
Batting: RHB Matt Dunn
|
0-0: Ball 1-0: Called Strike 1-1: Swinging Strike 1-2: Ball 2-2: Foul Ball, location: 2F 2-2: Ball 3-2: Base on Balls Chris Munguia to second
|
Batting: SHB Ian Thompson
|
0-0: Ball 1-0: Foul Ball, location: 2F 1-1: Grounds into fielders choice 6-2 (Groundball, 6, EV 88.8 MPH) Chris Munguia to third Matt Dunn to second
|
Batting: RHB Michael McDonald
|
0-0: Ball 1-0: Foul Ball, location: 2F 1-1: Ball Wild Pitch! Chris Munguia scores Matt Dunn to third Ian Thompson to second 2-1: SINGLE (Line Drive, 6MD, EV 96.9 MPH) Matt Dunn scores Ian Thompson to third Throwing error, E8 Ian Thompson scores Michael McDonald to second
|
Batting: RHB Steve Raine
|
0-0: Called Strike 0-1: Ball 1-1: Ball 2-1: Ball 3-1: Base on Balls
|
Batting: RHB David Nardone
|
0-0: Called Strike 0-1: Foul Ball, location: 2F 0-2: Ball 1-2: Foul Ball, location: 2F 1-2: Strikes out swinging
|
Top of the 9th over - 3 runs, 3 hits, 1 error, 2 left on base; Chattanooga 7 - New Hampshire 3 |
BOTTOM OF THE 9TH |
New Hampshire Fisher Cats batting - Pitching for Chattanooga Lookouts : LHP Adam Wood
|
Batting: RHB Bryan Peterson
|
0-0: Called Strike 0-1: Swinging Strike 0-2: Fly out, F9 (Flyball, 9, EV 75.0 MPH)
|
Batting: SHB Tristan Dearing
|
0-0: SOLO HOME RUN (Line Drive, 78XD, EV 115.6 MPH), Distance : 442 ft
|
Batting: LHB Eddie Muniz
|
0-0: Called Strike 0-1: Ball 1-1: Swinging Strike 1-2: Strikes out looking
|
Batting: RHB Bryan Mattis
|
0-0: Swinging Strike 0-1: Called Strike 0-2: Strikes out looking
|
Bottom of the 9th over - 1 run, 1 hit, 0 errors, 0 left on base; Chattanooga 7 - New Hampshire 4 |
|